EL
PENSACOLA BLUE WAHOOS @ HARRISBURG SENATORS
09/01/2047
 
TOP OF THE 1ST
Pensacola Blue Wahoos batting - Pitching for Harrisburg Senators : RHP Todd Carbaugh
Pitching: RHP Todd Carbaugh
Batting: RHB Dusty Pollert 0-0: Ball
1-0: Foul Ball, location: 2F
1-1: Foul Ball, location: 2F
1-2: Foul Ball, location: 2F
1-2: Ball
2-2: Foul Ball, location: 2F
2-2: DOUBLE (Line Drive, 78M, EV 92.5 MPH)
Batting: SHB Paul Sandoval 0-0: Ball
1-0: Ball
2-0: Called Strike
2-1: Sac Bunt to 2R - play at first, batter OUT! 2-3
Dusty Pollert to third
Batting: SHB Freddie Farrar 0-0: Ball
1-0: Called Strike
1-1: Foul Ball, location: 2F
1-2: Ball
2-2: Foul Ball, location: 2F
2-2: Ball
3-2: Base on Balls
Batting: RHB Mike Alm 0-0: Ball
1-0: Swinging Strike
1-1: Foul Ball, location: 2F
1-2: Foul Ball, location: 2F
1-2: Strikes out looking
Batting: RHB Jonathan Robies 0-0: Called Strike
Pickoff Throw to First - Out! 1-3
Top of the 1st over - 0 runs, 1 hit, 0 errors, 1 left on base; Pensacola 0 - Harrisburg 0
BOTTOM OF THE 1ST
Harrisburg Senators batting - Pitching for Pensacola Blue Wahoos : LHP Suk-jin Sok
Pitching: LHP Suk-jin Sok
Batting: RHB Pat Drader 0-0: Ball
1-0: Ground out 4-3 (Groundball, 4, EV 108.1 MPH)
Batting: LHB Evan Oliveri 0-0: Ball
1-0: Swinging Strike
1-1: Called Strike
1-2: Ball
2-2: Foul Ball, location: 2F
2-2: Foul Ball, location: 2F
2-2: Foul Ball, location: 2F
2-2: Foul Ball, location: 2F
2-2: Foul Ball, location: 2F
2-2: Foul Ball, location: 2F
2-2: Ball
3-2: Ground out 4-3 (Groundball, 4, EV 89.4 MPH)
Batting: RHB Antonio Laurel 0-0: Called Strike
0-1: Called Strike
0-2: Ball
1-2: Ball
2-2: Ball
3-2: Base on Balls
Batting: RHB Donovan Auclair 0-0: Foul Ball, location: 2F
0-1: Ball
1-1: Ball
2-1: Swinging Strike
2-2: Ground out 4-3 (Groundball, 4, EV 89.4 MPH)
Bottom of the 1st over - 0 runs, 0 hits, 0 errors, 1 left on base; Pensacola 0 - Harrisburg 0
TOP OF THE 2ND
Pensacola Blue Wahoos batting - Pitching for Harrisburg Senators : RHP Todd Carbaugh
Batting: RHB Jonathan Robies 0-0: Ball
1-0: SOLO HOME RUN (Flyball, 9D, EV 95.0 MPH), Distance : 355 ft
Batting: RHB Jon Marquez 0-0: Ball
1-0: Foul Ball, location: 2F
1-1: Called Strike
1-2: SINGLE (Groundball, 56, EV 103.1 MPH)
Batting: RHB Frank Moron 0-0: Swinging Strike
0-1: Ball
1-1: Ball
2-1: Swinging Strike
2-2: Strikes out looking
Batting: RHB Yutaka Sato 0-0: Ball
1-0: Called Strike
1-1: Swinging Strike
1-2: Ball
Jon Marquez steals 2nd base
2-2: Ball
3-2: Strikes out looking
Batting: LHB Akira Yamano 0-0: Ground out 4-3 (Groundball, 4, EV 85.6 MPH)
Top of the 2nd over - 1 run, 2 hits, 0 errors, 1 left on base; Pensacola 1 - Harrisburg 0
BOTTOM OF THE 2ND
Harrisburg Senators batting - Pitching for Pensacola Blue Wahoos : LHP Suk-jin Sok
Batting: LHB John Luke 0-0: Ground out 6-3 (Groundball, 6, EV 86.9 MPH)
Batting: RHB Nick Moreno 0-0: Ball
1-0: Called Strike
1-1: Called Strike
1-2: Ball
2-2: Foul Ball, location: 2F
2-2: Ground out 6-3 (Groundball, 56, EV 82.5 MPH)
Batting: RHB Gabe Almazan 0-0: Called Strike
0-1: Called Strike
0-2: Strikes out looking
Bottom of the 2nd over - 0 runs, 0 hits, 0 errors, 0 left on base; Pensacola 1 - Harrisburg 0
TOP OF THE 3RD
Pensacola Blue Wahoos batting - Pitching for Harrisburg Senators : RHP Todd Carbaugh
Batting: RHB Dusty Pollert 0-0: Ball
1-0: Ball
2-0: Ball
3-0: Base on Balls
Batting: SHB Paul Sandoval 0-0: Called Strike
Dusty Pollert steals 2nd base
0-1: Ground out 4-3 (Groundball, 4, EV 89.4 MPH)
Dusty Pollert to third
Batting: SHB Freddie Farrar 0-0: Called Strike
0-1: Called Strike
Passed Ball!
Dusty Pollert scores
0-2: Ball
1-2: Ball
2-2: Ground out 6-3 (Groundball, 6, EV 82.5 MPH)
Batting: RHB Mike Alm 0-0: Ball
1-0: Fly out, F8 (Line Drive, 8LD, EV 95.6 MPH)
Top of the 3rd over - 1 run, 0 hits, 0 errors, 0 left on base; Pensacola 2 - Harrisburg 0
BOTTOM OF THE 3RD
Harrisburg Senators batting - Pitching for Pensacola Blue Wahoos : LHP Suk-jin Sok
Batting: LHB Nate Melendez 0-0: Ball
1-0: Called Strike
1-1: Foul Ball, location: 2F
1-2: Ball
2-2: Ground out 4-3 (Groundball, 4, EV 85.0 MPH)
Batting: RHB Naofumi Ishida 0-0: Swinging Strike
0-1: SINGLE (Groundball, 4M, EV 103.1 MPH)
Batting: RHB Pat Drader 0-0: DOUBLE (Line Drive, 9LM, EV 95.0 MPH)
Naofumi Ishida to third
Batting: LHB Evan Oliveri 0-0: Called Strike
0-1: Called Strike
0-2: SINGLE (Groundball, 23, EV 63.8 MPH) (infield hit)
Batting: RHB Antonio Laurel 0-0: Ball
1-0: Ball
2-0: Called Strike
2-1: Ball
3-1: Base on Balls
Naofumi Ishida scores
Pat Drader to third
Evan Oliveri to second
Batting: RHB Donovan Auclair 0-0: Called Strike
0-1: Ball
1-1: Ball
2-1: SINGLE (Line Drive, 78M, EV 97.5 MPH)
Pat Drader scores
Evan Oliveri to third
Antonio Laurel to second
Runner from 3rd tries for Home, throw by CF and OUT! 8-2
Antonio Laurel to third
Donovan Auclair to second
Batting: LHB John Luke 0-0: Called Strike
0-1: Foul Ball, location: 2F
0-2: Ball
1-2: Ball
2-2: Strikes out looking
Bottom of the 3rd over - 2 runs, 4 hits, 0 errors, 2 left on base; Pensacola 2 - Harrisburg 2
TOP OF THE 4TH
Pensacola Blue Wahoos batting - Pitching for Harrisburg Senators : RHP Todd Carbaugh
Batting: RHB Jonathan Robies 0-0: Ball
1-0: Fly out, F7 (Flyball, 7, EV 85.0 MPH)
Batting: RHB Jon Marquez 0-0: Swinging Strike
0-1: Swinging Strike
0-2: Strikes out looking
Batting: RHB Frank Moron 0-0: Swinging Strike
0-1: Swinging Strike
0-2: Strikes out swinging
Top of the 4th over - 0 runs, 0 hits, 0 errors, 0 left on base; Pensacola 2 - Harrisburg 2
BOTTOM OF THE 4TH
Harrisburg Senators batting - Pitching for Pensacola Blue Wahoos : LHP Suk-jin Sok
Batting: RHB Nick Moreno 0-0: Ball
1-0: Fly out, F7 (Line Drive, 7LM, EV 84.4 MPH)
Batting: RHB Gabe Almazan 0-0: Ball
1-0: Ball
2-0: Ball
3-0: Called Strike
3-1: SINGLE (Groundball, 6D, EV 94.4 MPH)
Batting: LHB Nate Melendez 0-0: Grounds into double play, 4-6-3 (Groundball, 4, EV 82.5 MPH)
Bottom of the 4th over - 0 runs, 1 hit, 0 errors, 0 left on base; Pensacola 2 - Harrisburg 2
TOP OF THE 5TH
Pensacola Blue Wahoos batting - Pitching for Harrisburg Senators : RHP Todd Carbaugh
Batting: RHB Yutaka Sato 0-0: Ball
1-0: Foul Ball, location: 2F
1-1: Called Strike
1-2: SINGLE (Groundball, 6MD, EV 107.5 MPH)
Batting: LHB Akira Yamano 0-0: Swinging Strike
0-1: Ball
1-1: Ball
2-1: Grounds into double play, 4-6-3 (Groundball, 4, EV 95.0 MPH)
Batting: RHB Dusty Pollert 0-0: Swinging Strike
0-1: Called Strike
0-2: Strikes out swinging, 2-3 out at first.
Top of the 5th over - 0 runs, 1 hit, 0 errors, 0 left on base; Pensacola 2 - Harrisburg 2
BOTTOM OF THE 5TH
Harrisburg Senators batting - Pitching for Pensacola Blue Wahoos : LHP Suk-jin Sok
Batting: RHB Naofumi Ishida 0-0: Called Strike
0-1: Called Strike
0-2: Strikes out looking
Batting: RHB Pat Drader 0-0: Ball
1-0: Foul Ball, location: 2F
1-1: Ball
2-1: Foul Ball, location: 2F
2-2: Hit by Pitch
Batting: LHB Evan Oliveri 0-0: Ball
1-0: Ball
Pat Drader steals 2nd base
2-0: Ground out 4-3 (Groundball, 4, EV 84.4 MPH)
Pat Drader to third
Batting: RHB Antonio Laurel 0-0: Ball
1-0: Called Strike
1-1: DOUBLE (Line Drive, 8LXD, EV 103.8 MPH)
Pat Drader scores
Batting: RHB Donovan Auclair 0-0: Foul Ball, location: 2F
0-1: Foul Ball, location: 2F
0-2: Strikes out swinging
Bottom of the 5th over - 1 run, 1 hit, 0 errors, 1 left on base; Pensacola 2 - Harrisburg 3
TOP OF THE 6TH
Pensacola Blue Wahoos batting - Pitching for Harrisburg Senators : RHP Todd Carbaugh
Batting: SHB Paul Sandoval 0-0: Ground out 6-3 (Groundball, 56, EV 100.6 MPH)
Batting: SHB Freddie Farrar 0-0: Ball
1-0: Called Strike
1-1: SINGLE (Groundball, 34D, EV 96.9 MPH)
Batting: RHB Mike Alm 0-0: Ball
1-0: Swinging Strike
1-1: Single, Error in OF, E8, batter to second base (Groundball, 6MD, EV 94.4 MPH)
Freddie Farrar to third
Batting: RHB Jonathan Robies 0-0: Ball
1-0: Ball
2-0: Ball
3-0: Called Strike
3-1: Foul Ball, location: 2F
3-2: Ground out 4-3 (Groundball, 34, EV 100.6 MPH)
Batting: RHB Jon Marquez 0-0: Ball
1-0: Ball
2-0: Ball
3-0: Called Strike
3-1: Ground out 6-3 (Groundball, 6, EV 91.2 MPH)
Top of the 6th over - 0 runs, 2 hits, 1 error, 2 left on base; Pensacola 2 - Harrisburg 3
BOTTOM OF THE 6TH
Harrisburg Senators batting - Pitching for Pensacola Blue Wahoos : LHP Suk-jin Sok
Batting: LHB John Luke 0-0: Ground out U3 (Groundball, 34, EV 106.9 MPH)
Batting: RHB Nick Moreno 0-0: Ground out 6-3 (Groundball, 6, EV 105.0 MPH)
Batting: RHB Gabe Almazan 0-0: Ball
1-0: Ball
2-0: Ball
3-0: Base on Balls
Batting: LHB Nate Melendez 0-0: Ball
1-0: Ball
Gabe Almazan is caught stealing 2nd base 2-6
Bottom of the 6th over - 0 runs, 0 hits, 0 errors, 0 left on base; Pensacola 2 - Harrisburg 3
TOP OF THE 7TH
Pensacola Blue Wahoos batting - Pitching for Harrisburg Senators : RHP Todd Carbaugh
Batting: RHB Frank Moron 0-0: Called Strike
0-1: Ball
1-1: Ground out 6-3 (Groundball, 4M, EV 88.1 MPH)
Pitching: LHP Kyle Bachman
Batting: RHB Yutaka Sato 0-0: Ball
1-0: Ground out 6-3 (Groundball, 6, EV 98.1 MPH)
Pinch Hitting: RHB Chris Zamora 0-0: SINGLE (Groundball, 56D, EV 103.8 MPH)
Batting: RHB Dusty Pollert 0-0: Called Strike
0-1: Ball
1-1: Swinging Strike
1-2: SINGLE (Groundball, 56S, EV 69.4 MPH) (infield hit)
Chris Zamora to second
Pinch Runner at 2nd Tim Wormell:
Batting: SHB Paul Sandoval 0-0: Foul Ball, location: 2F
0-1: Fly out, F9 (Line Drive, 89S, EV 93.1 MPH)
Top of the 7th over - 0 runs, 2 hits, 0 errors, 2 left on base; Pensacola 2 - Harrisburg 3
BOTTOM OF THE 7TH
Harrisburg Senators batting - Pitching for Pensacola Blue Wahoos : LHP Suk-jin Sok
Now at 1B: Frank Moron
Now at 3B: Tim Wormell
Now at SS: Yutaka Sato
Batting: LHB Nate Melendez 0-0: Fly out, F7 (Flyball, 7LDF, EV 91.2 MPH)
Batting: RHB Naofumi Ishida 0-0: Called Strike
0-1: Foul Ball, location: 2F
0-2: Ball
1-2: Ball
2-2: Ball
3-2: Ground out 5-3 (Groundball, 56, EV 96.2 MPH)
Batting: RHB Pat Drader 0-0: Ball
1-0: Ball
2-0: Ground out 6-3 (Groundball, 56, EV 103.1 MPH)
Bottom of the 7th over - 0 runs, 0 hits, 0 errors, 0 left on base; Pensacola 2 - Harrisburg 3
TOP OF THE 8TH
Pensacola Blue Wahoos batting - Pitching for Harrisburg Senators : LHP Kyle Bachman
Batting: SHB Freddie Farrar 0-0: Ball
1-0: Called Strike
1-1: Ground out 1-3 (Groundball, 13, EV 73.1 MPH)
Batting: RHB Mike Alm 0-0: Ball
1-0: Swinging Strike
1-1: Swinging Strike
1-2: Fly out, F7 (Line Drive, 7, EV 94.4 MPH)
Batting: RHB Jonathan Robies 0-0: Called Strike
0-1: Ball
1-1: Ball
2-1: Called Strike
2-2: Strikes out swinging
Top of the 8th over - 0 runs, 0 hits, 0 errors, 0 left on base; Pensacola 2 - Harrisburg 3
BOTTOM OF THE 8TH
Harrisburg Senators batting - Pitching for Pensacola Blue Wahoos : LHP Suk-jin Sok
Pitching: LHP Jin Zhui
Batting: LHB Evan Oliveri 0-0: Ball
1-0: Called Strike
1-1: Ball
2-1: Ball
3-1: Swinging Strike
3-2: Base on Balls
Batting: RHB Antonio Laurel 0-0: Swinging Strike
0-1: Called Strike
0-2: Ball
1-2: Foul Ball, location: 2F
1-2: Ball
2-2: Fly out, F8 (Line Drive, 8RM, EV 88.1 MPH)
Batting: RHB Donovan Auclair 0-0: Called Strike
0-1: SINGLE (Groundball, 13, EV 86.9 MPH) (infield hit)
Evan Oliveri to second
Batting: LHB John Luke 0-0: Ball
1-0: Ball
2-0: Ball
3-0: Called Strike
3-1: Fly out, F7 (Flyball, 7, EV 89.4 MPH)
Batting: RHB Nick Moreno 0-0: Ball
1-0: Foul Ball, location: 2F
1-1: Fielders Choice at 2nd, 6-4 (Groundball, 6, EV 82.5 MPH)
Bottom of the 8th over - 0 runs, 1 hit, 0 errors, 2 left on base; Pensacola 2 - Harrisburg 3
TOP OF THE 9TH
Pensacola Blue Wahoos batting - Pitching for Harrisburg Senators : LHP Kyle Bachman
Pitching: RHP Alex Vasquez
Now in LF: Bryan Wheeler
Batting: RHB Jon Marquez 0-0: Ball
1-0: Foul Ball, location: 2F
1-1: Ball
2-1: Foul Ball, location: 2F
2-2: Ball
3-2: Base on Balls
Pinch Hitting: LHB Keith Egan 0-0: Ball
1-0: Ground out U3 (Groundball, 3S, EV 65.6 MPH)
Jon Marquez to second
Pinch Hitting: RHB David Clough 0-0: Called Strike
Jon Marquez steals 3rd base
0-1: Swinging Strike
0-2: Ball
1-2: Strikes out swinging wild pitch, reaches first!
Jon Marquez scores
Batting: RHB Tim Wormell 0-0: Foul Ball, location: 2F
0-1: Ball
1-1: Swinging Strike
1-2: Foul Ball, location: 2F
1-2: Strikes out swinging
Batting: RHB Dusty Pollert 0-0: 2-RUN HOME RUN (Line Drive, 78XD, EV 103.1 MPH), Distance : 424 ft
Batting: SHB Paul Sandoval 0-0: Ground out 4-3 (Groundball, 34, EV 88.8 MPH)
Top of the 9th over - 3 runs, 1 hit, 0 errors, 0 left on base; Pensacola 5 - Harrisburg 3
BOTTOM OF THE 9TH
Harrisburg Senators batting - Pitching for Pensacola Blue Wahoos : LHP Jin Zhui
Pitching: RHP Juan Hernandez
Now at 1B: Rich Ranaldi
Now at SS: Paul Sandoval
Now in LF: Keith Egan
Now in CF: Jon Marquez
Now in RF: Manny Ruvalcaba
Batting: RHB Gabe Almazan 0-0: Ball
1-0: Called Strike
1-1: Foul Ball, location: 2F
1-2: Strikes out swinging
Batting: LHB Nate Melendez 0-0: Called Strike
0-1: SINGLE (Groundball, 3S, EV 71.2 MPH) (infield hit)
Batting: RHB Naofumi Ishida 0-0: Ball
1-0: SINGLE (Groundball, 5L, EV 92.5 MPH) (infield hit)
Nate Melendez to second
Batting: RHB Pat Drader 0-0: Foul Ball, location: 2F
0-1: Ball
1-1: Ball
2-1: Called Strike
2-2: Ball
3-2: Foul Ball, location: 2F
3-2: Foul Ball, location: 2F
3-2: Base on Balls
Nate Melendez to third
Naofumi Ishida to second
Batting: LHB Evan Oliveri 0-0: Called Strike
0-1: Ground out 3-1 (Groundball, 13, EV 88.1 MPH)
Nate Melendez scores
Naofumi Ishida to third
Pat Drader to second
Batting: RHB Antonio Laurel 0-0: Ground out 5-3 (Groundball, 56, EV 98.1 MPH)
Bottom of the 9th over - 1 run, 2 hits, 0 errors, 2 left on base; Pensacola 5 - Harrisburg 4
Thursday, December 15th , 2022 - OOTP Baseball 23.9 Build 102